 Dungeon Sprint DCSS version 0.26-a0-652-gafc20e3620 (webtiles) character file.

Game seed: 18135810843258015439

178 mhtbhm the Ruffian (level 5, -3/57 HPs)
             Began as a Troll Monk on Oct 3, 2020.
             Was a Believer of Qazlal.
             Slain by a two-headed ogre
             ... wielding a +0 giant spiked club
              (23 damage)
             ... in the Dungeon (Sprint IX: "|||||||||||||||||||||||||||||").
             The game lasted 00:00:44 (163 turns).

mhtbhm the Ruffian (Troll Monk)                      Turns: 163, Time: 00:00:45

Health: -3/57      AC:  7    Str: 20    XL:     5   Next: 32%
Magic:  4/4        EV: 13    Int:  6    God:    Qazlal [**....]
Gold:   0          SH:  2    Dex: 18    Spells: 4/4 levels left

rFire    . . .     SeeInvis .     - Unarmed
rCold    . . .     Faith    .   (no shield)
rNeg     . . .     Spirit   .   a - +0 robe
rPois    .         Reflect  .   (helmet restricted)
rElec    .         Harm     .   k - +0 cloak
rCorr    .         Rampage  .   (gloves unavailable)
MR       .....     NoTele   +   (boots unavailable)
Stlth    ++........             (no amulet)
HPRegen  0.59/turn              l - +3 ring of dexterity
MPRegen  0.09/turn              m - +3 ring of dexterity

@: no status effects
A: large, unfitting armour, claws 3, regeneration 1, shaggy fur 1, tough skin 3
a: Upheaval, Renounce Religion


You were in the Dungeon.
You worshipped Qazlal.
Qazlal was pleased with you.
You visited 1 branch

Inventory:

Armour
 a - a +0 robe (worn)
 k - a +0 cloak (worn)
Jewellery
 l - a +3 ring of dexterity (left claw)
 m - a +3 ring of dexterity (right claw)
Wands
 j - a wand of acid (9)
Scrolls
 g - 2 scrolls of blinking
 h - 3 scrolls of remove curse
 i - 2 scrolls of amnesia
Potions
 b - 5 potions of curing
 c - a potion of invisibility
 d - a potion of haste
 e - 4 potions of magic
 f - a potion of heal wounds


   Skills:
 + Level 5.3 Fighting
 + Level 5.7 Dodging
 + Level 1.6 Stealth
 + Level 7.3 Unarmed Combat


You had 4 spell levels left.
You didn't know any spells.
Your spell library was empty.

Dungeon Overview and Level Annotations

Branches:
Dungeon (1/1)

Altars:
Cheibriados
Dithmenos
Elyvilon
Fedhas
Gozag
Hepliaklqana
Kikubaaqudgha
Makhleb
Nemelex Xobeh
Okawaru
Qazlal
Ru
Sif Muna
Trog
Uskayaw
Vehumet
Wu Jian
Xom
Yredelemnul
Zin
The Shining One
Beogh
Jiyva
Lugonu


Innate Abilities, Weirdness & Mutations

You are too large for most types of armour.
You have claws for hands.
Your natural rate of healing is unusually fast.
You are covered in fur. (AC +1)
You have extremely tough skin. (AC +3)


Message History

Unknown command.
You scratch the two-headed ogre.
The two-headed ogre is severely wounded.
The two-headed ogre closely misses you.
The two-headed ogre hits you with a +0 giant spiked club!
The orc warrior closely misses you.
You claw the two-headed ogre!
The two-headed ogre is almost dead.
The two-headed ogre hits you with a +0 giant spiked club!
* * * LOW HITPOINT WARNING * * *
The two-headed ogre misses you.
Unknown command.
You feel much better.
The orc warrior hits you from afar with a +0 trident!
You claw the two-headed ogre!
The two-headed ogre is almost dead.
The orc warrior misses you.
The two-headed ogre hits you but does no damage.
The two-headed ogre hits you with a +0 giant spiked club!!
You die...

▓.▓
▓.▓
▓)▓
▓.▓
▓.▓
▓[▓
▓[▓
▓.▓
▓@▓
▓O▓
▓o▓
▓O▓
▓J▓
▓Z▓
▓.▓
▓.▓


You could see 2 two-headed ogres, an orc warrior (corroded), a jelly and an
adder zombie.

Vanquished Creatures
  A centaur (D)
  A bullfrog (D)
  An iguana (D)
  A white imp (D)
  A leopard gecko (D)
  A giant cockroach (D)
  A hobgoblin (D)
  A jackal (D)
  A goblin (D)
  2 rats (D)
11 creatures vanquished.

Notes
Turn   | Place    | Note
-------+----------+-------------------------------------------
     0 | D        | mhtbhm the Troll Monk began the quest for the Orb.
     0 | D        | Reached XP level 1. HP: 22/22 MP: 0/0
    21 | D        | Noticed an iguana
    21 | D        | Noticed a centaur
    30 | D        | Killed an iguana
    30 | D        | Reached skill level 4 in Unarmed Combat
    30 | D        | Reached XP level 2. HP: 32/32 MP: 1/1
    30 | D        | Reached XP level 3. HP: 39/39 MP: 2/2
    33 | D        | Killed a centaur
    33 | D        | Reached skill level 6 in Unarmed Combat
    33 | D        | Reached XP level 4. HP: 41/49 MP: 3/3
    35 | D        | Reached skill level 5 in Dodging
    92 | D        | Found a roughly hewn altar of Beogh.
    92 | D        | Found a snail-covered altar of Cheibriados.
    92 | D        | Found a shadowy altar of Dithmenos.
    92 | D        | Found a white marble altar of Elyvilon.
    92 | D        | Found a blossoming altar of Fedhas.
    92 | D        | Found an opulent altar of Gozag.
    93 | D        | Found a hazy altar of Hepliaklqana.
    94 | D        | Found a viscous altar of Jiyva.
    95 | D        | Found an ancient bone altar of Kikubaaqudgha.
    96 | D        | Found a corrupted altar of Lugonu.
    97 | D        | Found a burning altar of Makhleb.
    98 | D        | Found a sparkling altar of Nemelex Xobeh.
    99 | D        | Found an iron altar of Okawaru.
   100 | D        | Found a stormy altar of Qazlal.
   101 | D        | Found a sacrificial altar of Ru.
   102 | D        | Found a shimmering blue altar of Sif Muna.
   103 | D        | Found a bloodstained altar of Trog.
   104 | D        | Found a hide-covered altar of Uskayaw.
   105 | D        | Found a radiant altar of Vehumet.
   106 | D        | Found an ornate altar of the Wu Jian Council.
   107 | D        | Found a shimmering altar of Xom.
   108 | D        | Found a basalt altar of Yredelemnul.
   109 | D        | Found a glowing silver altar of Zin.
   110 | D        | Found a glowing golden altar of the Shining One.
   120 | D        | Became a worshipper of Qazlal Stormbringer
   120 | D        | Reached * piety under Qazlal
   120 | D        | Reached ** piety under Qazlal
   155 | D        | Noticed a two-headed ogre
   155 | D        | Noticed an orc warrior
   155 | D        | Noticed a bullfrog
   155 | D        | Noticed a two-headed ogre
   156 | D        | Killed a bullfrog
   156 | D        | Reached skill level 5 in Fighting
   156 | D        | Reached skill level 7 in Unarmed Combat
   156 | D        | Reached XP level 5. HP: 57/57 MP: 4/4
   163 | D        | Slain by a two-headed ogre

Illustrated notes

Levels and vault maps discovered:
D:        linesprint [early_d, line_temple, items_1, d_10, items_2, lair_1,
          lair_end, items_3, orc_1, orc_end, items_4, d_15, swamp_1, shoals_1,
          snake_1, spider_1, d_20, vaults_1, items_5, swamp_end, shoals_end,
          snake_end, spider_end, vaults_end, d_27, items_6, zot_1, zot_end,
          crypt_end, forest_end, elf_end, slime_end, tomb_end, abyss_end,
          pan_hell_end]

Skill      XL: |  1  2  3  4 |
---------------+-------------+-----
Fighting       | 3 4 5 |  5.3
Dodging        | 3 4 5 |  5.7
Unarmed Combat | 4 6 7 |  7.3
Stealth        | |  1.6

Action                   |  1- 3 |  4- 6 || total
-------------------------+-------+-------++-------
Melee: Unarmed           |    19 |    12 ||    31
Evoke: Wand              |       |     1 ||     1
  Use: Potion            |     2 |     1 ||     3
Armor: Robe              |     8 |     2 ||    10
Dodge: Dodged            |     3 |     9 ||    12

Table legend: (Time is in decaauts)
 A = Elapsed time spent in this place.
 B = Non-inter-level travel time spent in this place.
 C = Inter-level travel time spent in this place.
 D = Time resting spent in this place.
 E = Time spent auto-exploring this place.
 F = Levels seen in this place.
 G = Mean time per level.
                   A        B        C        D        E       F      G
               +--------+--------+--------+--------+--------+-----+--------+
         Total |    170 |    170 |      0 |     63 |      0 |   1 |  170.0 |
       Dungeon |    170 |    170 |      0 |     63 |      0 |   1 |  170.0 |
               +--------+--------+--------+--------+--------+-----+--------+

Top non-repeatable levels by time:
       D: 170 daAuts
